%YAML 1.1
%TAG !u! tag:unity3d.com,2011:
--- !u!1 &820656049
GameObject:
  m_ObjectHideFlags: 0
  m_CorrespondingSourceObject: {fileID: 0}
  m_PrefabInstance: {fileID: 0}
  m_PrefabAsset: {fileID: 0}
  serializedVersion: 6
  m_Component:
  - component: {fileID: 820656050}
  m_Layer: 0
  m_Name: Weapon
  m_TagString: Untagged
  m_Icon: {fileID: 0}
  m_NavMeshLayer: 0
  m_StaticEditorFlags: 0
  m_IsActive: 1
--- !u!4 &820656050
Transform:
  m_ObjectHideFlags: 0
  m_CorrespondingSourceObject: {fileID: 0}
  m_PrefabInstance: {fileID: 0}
  m_PrefabAsset: {fileID: 0}
  m_GameObject: {fileID: 820656049}
  m_LocalRotation: {x: -0.6596697, y: 0.65347934, z: 0.33291388, w: -0.16422243}
  m_LocalPosition: {x: 0.65, y: 0.26, z: -0.96}
  m_LocalScale: {x: 0.56926996, y: 0.5692702, z: 0.5692704}
  m_ConstrainProportionsScale: 0
  m_Children: []
  m_Father: {fileID: 3769565730207135218}
  m_RootOrder: 3
  m_LocalEulerAnglesHint: {x: -12.617, y: -137.93, z: -95.409}
--- !u!1 &902190423
GameObject:
  m_ObjectHideFlags: 0
  m_CorrespondingSourceObject: {fileID: 0}
  m_PrefabInstance: {fileID: 0}
  m_PrefabAsset: {fileID: 0}
  serializedVersion: 6
  m_Component:
  - component: {fileID: 902190424}
  - component: {fileID: 902190427}
  - component: {fileID: 902190426}
  - component: {fileID: 902190425}
  m_Layer: 0
  m_Name: cm
  m_TagString: Untagged
  m_Icon: {fileID: 0}
  m_NavMeshLayer: 0
  m_StaticEditorFlags: 0
  m_IsActive: 1
--- !u!4 &902190424
Transform:
  m_ObjectHideFlags: 0
  m_CorrespondingSourceObject: {fileID: 0}
  m_PrefabInstance: {fileID: 0}
  m_PrefabAsset: {fileID: 0}
  m_GameObject: {fileID: 902190423}
  m_LocalRotation: {x: -0, y: -0, z: -0, w: 1}
  m_LocalPosition: {x: 0, y: 0, z: 0}
  m_LocalScale: {x: 1, y: 1, z: 1}
  m_ConstrainProportionsScale: 0
  m_Children: []
  m_Father: {fileID: 1762248855}
  m_RootOrder: 0
  m_LocalEulerAnglesHint: {x: 0, y: 0, z: 0}
--- !u!114 &902190427
MonoBehaviour:
  m_ObjectHideFlags: 0
  m_CorrespondingSourceObject: {fileID: 0}
  m_PrefabInstance: {fileID: 0}
  m_PrefabAsset: {fileID: 0}
  m_GameObject: {fileID: 902190423}
  m_Enabled: 1
  m_EditorHideFlags: 0
  m_Script: {fileID: 11500000, guid: ac0b09e7857660247b1477e93731de29, type: 3}
  m_Name: 
  m_EditorClassIdentifier: 
--- !u!114 &902190426
MonoBehaviour:
  m_ObjectHideFlags: 0
  m_CorrespondingSourceObject: {fileID: 0}
  m_PrefabInstance: {fileID: 0}
  m_PrefabAsset: {fileID: 0}
  m_GameObject: {fileID: 902190423}
  m_Enabled: 1
  m_EditorHideFlags: 0
  m_Script: {fileID: 11500000, guid: f4044717213e31446939f7bd49c896ea, type: 3}
  m_Name: 
  m_EditorClassIdentifier: 
  m_TrackedObjectOffset: {x: 0, y: 0, z: 0}
  m_LookaheadTime: 0
  m_LookaheadSmoothing: 0
  m_LookaheadIgnoreY: 0
  m_HorizontalDamping: 0.5
  m_VerticalDamping: 0.5
  m_ScreenX: 0.5
  m_ScreenY: 0.5
  m_DeadZoneWidth: 0
  m_DeadZoneHeight: 0
  m_SoftZoneWidth: 0.8
  m_SoftZoneHeight: 0.8
  m_BiasX: 0
  m_BiasY: 0
  m_CenterOnActivate: 1
--- !u!114 &902190425
MonoBehaviour:
  m_ObjectHideFlags: 0
  m_CorrespondingSourceObject: {fileID: 0}
  m_PrefabInstance: {fileID: 0}
  m_PrefabAsset: {fileID: 0}
  m_GameObject: {fileID: 902190423}
  m_Enabled: 1
  m_EditorHideFlags: 0
  m_Script: {fileID: 11500000, guid: fa7155796051b734daa718462081dc5f, type: 3}
  m_Name: 
  m_EditorClassIdentifier: 
  m_BindingMode: 1
  m_FollowOffset: {x: 0, y: 0, z: -10}
  m_XDamping: 1
  m_YDamping: 1
  m_ZDamping: 1
  m_AngularDampingMode: 0
  m_PitchDamping: 0
  m_YawDamping: 0
  m_RollDamping: 0
  m_AngularDamping: 0
--- !u!1 &1014159213
GameObject:
  m_ObjectHideFlags: 0
  m_CorrespondingSourceObject: {fileID: 0}
  m_PrefabInstance: {fileID: 0}
  m_PrefabAsset: {fileID: 0}
  serializedVersion: 6
  m_Component:
  - component: {fileID: 1014159214}
  m_Layer: 0
  m_Name: ItemHolder
  m_TagString: Untagged
  m_Icon: {fileID: 0}
  m_NavMeshLayer: 0
  m_StaticEditorFlags: 0
  m_IsActive: 1
--- !u!4 &1014159214
Transform:
  m_ObjectHideFlags: 0
  m_CorrespondingSourceObject: {fileID: 0}
  m_PrefabInstance: {fileID: 0}
  m_PrefabAsset: {fileID: 0}
  m_GameObject: {fileID: 1014159213}
  m_LocalRotation: {x: -0.0141444355, y: -0.082089536, z: -0.010853436, w: 0.99646544}
  m_LocalPosition: {x: 0.6, y: -0.061622046, z: 0.19}
  m_LocalScale: {x: 1, y: 1, z: 1}
  m_ConstrainProportionsScale: 0
  m_Children: []
  m_Father: {fileID: 384842454799343689}
  m_RootOrder: 3
  m_LocalEulerAnglesHint: {x: -1.717, y: -9.402, z: -1.107}
--- !u!1 &1357979148
GameObject:
  m_ObjectHideFlags: 0
  m_CorrespondingSourceObject: {fileID: 0}
  m_PrefabInstance: {fileID: 0}
  m_PrefabAsset: {fileID: 0}
  serializedVersion: 6
  m_Component:
  - component: {fileID: 1357979149}
  - component: {fileID: 1357979151}
  - component: {fileID: 1357979152}
  m_Layer: 6
  m_Name: CheckGround
  m_TagString: Untagged
  m_Icon: {fileID: 0}
  m_NavMeshLayer: 0
  m_StaticEditorFlags: 0
  m_IsActive: 1
--- !u!4 &1357979149
Transform:
  m_ObjectHideFlags: 0
  m_CorrespondingSourceObject: {fileID: 0}
  m_PrefabInstance: {fileID: 0}
  m_PrefabAsset: {fileID: 0}
  m_GameObject: {fileID: 1357979148}
  m_LocalRotation: {x: 0, y: 0, z: 0, w: 1}
  m_LocalPosition: {x: 0, y: -0.198, z: 0}
  m_LocalScale: {x: 1, y: 1, z: 1}
  m_ConstrainProportionsScale: 0
  m_Children: []
  m_Father: {fileID: 3343694482655920308}
  m_RootOrder: 0
  m_LocalEulerAnglesHint: {x: 0, y: 0, z: 0}
--- !u!114 &1357979151
MonoBehaviour:
  m_ObjectHideFlags: 0
  m_CorrespondingSourceObject: {fileID: 0}
  m_PrefabInstance: {fileID: 0}
  m_PrefabAsset: {fileID: 0}
  m_GameObject: {fileID: 1357979148}
  m_Enabled: 1
  m_EditorHideFlags: 0
  m_Script: {fileID: 11500000, guid: 12442864fc55abd40b5b488a68d2ebb9, type: 3}
  m_Name: 
  m_EditorClassIdentifier: 
  IsGround: 0
--- !u!135 &1357979152
SphereCollider:
  m_ObjectHideFlags: 0
  m_CorrespondingSourceObject: {fileID: 0}
  m_PrefabInstance: {fileID: 0}
  m_PrefabAsset: {fileID: 0}
  m_GameObject: {fileID: 1357979148}
  m_Material: {fileID: 0}
  m_IsTrigger: 1
  m_Enabled: 1
  serializedVersion: 2
  m_Radius: 0.9026388
  m_Center: {x: 0.009071112, y: 0.11681712, z: -0.13966656}
--- !u!1 &1661133134
GameObject:
  m_ObjectHideFlags: 0
  m_CorrespondingSourceObject: {fileID: 0}
  m_PrefabInstance: {fileID: 0}
  m_PrefabAsset: {fileID: 0}
  serializedVersion: 6
  m_Component:
  - component: {fileID: 1661133135}
  m_Layer: 0
  m_Name: Weapon2Holder
  m_TagString: Untagged
  m_Icon: {fileID: 0}
  m_NavMeshLayer: 0
  m_StaticEditorFlags: 0
  m_IsActive: 1
--- !u!4 &1661133135
Transform:
  m_ObjectHideFlags: 0
  m_CorrespondingSourceObject: {fileID: 0}
  m_PrefabInstance: {fileID: 0}
  m_PrefabAsset: {fileID: 0}
  m_GameObject: {fileID: 1661133134}
  m_LocalRotation: {x: 0, y: 0, z: 0, w: 1}
  m_LocalPosition: {x: -0.031934798, y: -0.25, z: -0.12793118}
  m_LocalScale: {x: 1, y: 1, z: 1}
  m_ConstrainProportionsScale: 0
  m_Children: []
  m_Father: {fileID: 5017201321794023085}
  m_RootOrder: 1
  m_LocalEulerAnglesHint: {x: 0, y: 0, z: 0}
--- !u!1 &1762248853
GameObject:
  m_ObjectHideFlags: 0
  m_CorrespondingSourceObject: {fileID: 0}
  m_PrefabInstance: {fileID: 0}
  m_PrefabAsset: {fileID: 0}
  serializedVersion: 6
  m_Component:
  - component: {fileID: 1762248855}
  - component: {fileID: 1762248854}
  m_Layer: 0
  m_Name: CelebrationCamera
  m_TagString: Untagged
  m_Icon: {fileID: 0}
  m_NavMeshLayer: 0
  m_StaticEditorFlags: 0
  m_IsActive: 1
--- !u!4 &1762248855
Transform:
  m_ObjectHideFlags: 0
  m_CorrespondingSourceObject: {fileID: 0}
  m_PrefabInstance: {fileID: 0}
  m_PrefabAsset: {fileID: 0}
  m_GameObject: {fileID: 1762248853}
  m_LocalRotation: {x: 0.04390823, y: -0.9453991, z: 0.25088373, w: 0.20334695}
  m_LocalPosition: {x: 1.01, y: 2.287, z: 4}
  m_LocalScale: {x: 1, y: 1, z: 1}
  m_ConstrainProportionsScale: 0
  m_Children:
  - {fileID: 902190424}
  m_Father: {fileID: 3343694482655920308}
  m_RootOrder: 2
  m_LocalEulerAnglesHint: {x: 29.487, y: -155.393, z: 1.251}
--- !u!114 &1762248854
MonoBehaviour:
  m_ObjectHideFlags: 0
  m_CorrespondingSourceObject: {fileID: 0}
  m_PrefabInstance: {fileID: 0}
  m_PrefabAsset: {fileID: 0}
  m_GameObject: {fileID: 1762248853}
  m_Enabled: 1
  m_EditorHideFlags: 0
  m_Script: {fileID: 11500000, guid: 45e653bab7fb20e499bda25e1b646fea, type: 3}
  m_Name: 
  m_EditorClassIdentifier: 
  m_ExcludedPropertiesInInspector:
  - m_Script
  m_LockStageInInspector: 
  m_StreamingVersion: 20170927
  m_Priority: 10
  m_StandbyUpdate: 2
  m_LookAt: {fileID: 0}
  m_Follow: {fileID: 0}
  m_Lens:
    FieldOfView: 50
    OrthographicSize: 10
    NearClipPlane: 0.1
    FarClipPlane: 5000
    Dutch: 0
    ModeOverride: 0
    LensShift: {x: 0, y: 0}
    GateFit: 2
    m_SensorSize: {x: 1, y: 1}
  m_Transitions:
    m_BlendHint: 0
    m_InheritPosition: 0
    m_OnCameraLive:
      m_PersistentCalls:
        m_Calls: []
  m_LegacyBlendHint: 0
  m_ComponentOwner: {fileID: 902190424}
--- !u!1 &3343694482656013360
GameObject:
  m_ObjectHideFlags: 0
  m_CorrespondingSourceObject: {fileID: 0}
  m_PrefabInstance: {fileID: 0}
  m_PrefabAsset: {fileID: 0}
  serializedVersion: 6
  m_Component:
  - component: {fileID: 3343694482655920308}
  - component: {fileID: 5897266699578807760}
  - component: {fileID: 1090311406}
  - component: {fileID: 1090311403}
  - component: {fileID: 1090311404}
  - component: {fileID: 2137022933}
  m_Layer: 7
  m_Name: Player
  m_TagString: Player
  m_Icon: {fileID: 0}
  m_NavMeshLayer: 0
  m_StaticEditorFlags: 0
  m_IsActive: 1
--- !u!4 &3343694482655920308
Transform:
  m_ObjectHideFlags: 0
  m_CorrespondingSourceObject: {fileID: 0}
  m_PrefabInstance: {fileID: 0}
  m_PrefabAsset: {fileID: 0}
  m_GameObject: {fileID: 3343694482656013360}
  m_LocalRotation: {x: 0, y: 0, z: 0, w: 1}
  m_LocalPosition: {x: -0.8305917, y: 0, z: -2.3083525}
  m_LocalScale: {x: 1, y: 1, z: 1}
  m_ConstrainProportionsScale: 0
  m_Children:
  - {fileID: 1357979149}
  - {fileID: 7594766597031521918}
  - {fileID: 1762248855}
  - {fileID: 3900077221210346488}
  - {fileID: 3832045218399193680}
  m_Father: {fileID: 0}
  m_RootOrder: 0
  m_LocalEulerAnglesHint: {x: 0, y: 0, z: 0}
--- !u!143 &5897266699578807760
CharacterController:
  m_ObjectHideFlags: 0
  m_CorrespondingSourceObject: {fileID: 0}
  m_PrefabInstance: {fileID: 0}
  m_PrefabAsset: {fileID: 0}
  m_GameObject: {fileID: 3343694482656013360}
  m_Material: {fileID: 0}
  m_IsTrigger: 0
  m_Enabled: 1
  serializedVersion: 2
  m_Height: 2
  m_Radius: 0.2
  m_SlopeLimit: 45
  m_StepOffset: 0.3
  m_SkinWidth: 0.08
  m_MinMoveDistance: 0
  m_Center: {x: 0, y: 0.1, z: 0}
--- !u!95 &1090311406
Animator:
  serializedVersion: 5
  m_ObjectHideFlags: 0
  m_CorrespondingSourceObject: {fileID: 0}
  m_PrefabInstance: {fileID: 0}
  m_PrefabAsset: {fileID: 0}
  m_GameObject: {fileID: 3343694482656013360}
  m_Enabled: 1
  m_Avatar: {fileID: 9000000, guid: b0295b98df07dae40bddecbdce09ca25, type: 3}
  m_Controller: {fileID: 9100000, guid: 975d8fbbd63faeb428a39ed923a26f5d, type: 2}
  m_CullingMode: 0
  m_UpdateMode: 0
  m_ApplyRootMotion: 0
  m_LinearVelocityBlending: 0
  m_StabilizeFeet: 0
  m_WarningMessage: 
  m_HasTransformHierarchy: 1
  m_AllowConstantClipSamplingOptimization: 1
  m_KeepAnimatorStateOnDisable: 0
--- !u!114 &1090311403
MonoBehaviour:
  m_ObjectHideFlags: 0
  m_CorrespondingSourceObject: {fileID: 0}
  m_PrefabInstance: {fileID: 0}
  m_PrefabAsset: {fileID: 0}
  m_GameObject: {fileID: 3343694482656013360}
  m_Enabled: 1
  m_EditorHideFlags: 0
  m_Script: {fileID: 11500000, guid: 6a97876afd6cc1c4499aeccd5b6057bb, type: 3}
  m_Name: 
  m_EditorClassIdentifier: 
  weapon: {fileID: 820656049}
  _speed: 4
  _rotationSpeed: 5
  _sprintSpeed: 2
  _rotationSmoothTime: 0.1
  _gravity: 9.8
  Fire: 0
  _smothAnim: 5
  _jumpForce: 2
  Life: 0
  _playerCamera: {fileID: 3832045218399193694}
  _celebrationCamera: {fileID: 1762248853}
  _idleMaxTime: 50
--- !u!114 &1090311404
MonoBehaviour:
  m_ObjectHideFlags: 0
  m_CorrespondingSourceObject: {fileID: 0}
  m_PrefabInstance: {fileID: 0}
  m_PrefabAsset: {fileID: 0}
  m_GameObject: {fileID: 3343694482656013360}
  m_Enabled: 1
  m_EditorHideFlags: 0
  m_Script: {fileID: 11500000, guid: 62899f850307741f2a39c98a8b639597, type: 3}
  m_Name: 
  m_EditorClassIdentifier: 
  m_Actions: {fileID: -944628639613478452, guid: bceb2a3fdad1c1149a4a547ba1f5eca0, type: 3}
  m_NotificationBehavior: 0
  m_UIInputModule: {fileID: 0}
  m_DeviceLostEvent:
    m_PersistentCalls:
      m_Calls: []
  m_DeviceRegainedEvent:
    m_PersistentCalls:
      m_Calls: []
  m_ControlsChangedEvent:
    m_PersistentCalls:
      m_Calls: []
  m_ActionEvents: []
  m_NeverAutoSwitchControlSchemes: 0
  m_DefaultControlScheme: 
  m_DefaultActionMap: Movement
  m_SplitScreenIndex: -1
  m_Camera: {fileID: 0}
--- !u!82 &2137022933
AudioSource:
  m_ObjectHideFlags: 0
  m_CorrespondingSourceObject: {fileID: 0}
  m_PrefabInstance: {fileID: 0}
  m_PrefabAsset: {fileID: 0}
  m_GameObject: {fileID: 3343694482656013360}
  m_Enabled: 1
  serializedVersion: 4
  OutputAudioMixerGroup: {fileID: 0}
  m_audioClip: {fileID: 0}
  m_PlayOnAwake: 1
  m_Volume: 1
  m_Pitch: 1
  Loop: 0
  Mute: 0
  Spatialize: 0
  SpatializePostEffects: 0
  Priority: 128
  DopplerLevel: 1
  MinDistance: 1
  MaxDistance: 500
  Pan2D: 0
  rolloffMode: 0
  BypassEffects: 0
  BypassListenerEffects: 0
  BypassReverbZones: 0
  rolloffCustomCurve:
    serializedVersion: 2
    m_Curve:
    - serializedVersion: 3
      time: 0
      value: 1
      inSlope: 0
      outSlope: 0
      tangentMode: 0
      weightedMode: 0
      inWeight: 0.33333334
      outWeight: 0.33333334
    - serializedVersion: 3
      time: 1
      value: 0
      inSlope: 0
      outSlope: 0
      tangentMode: 0
      weightedMode: 0
      inWeight: 0.33333334
      outWeight: 0.33333334
    m_PreInfinity: 2
    m_PostInfinity: 2
    m_RotationOrder: 4
  panLevelCustomCurve:
    serializedVersion: 2
    m_Curve:
    - serializedVersion: 3
      time: 0
      value: 0
      inSlope: 0
      outSlope: 0
      tangentMode: 0
      weightedMode: 0
      inWeight: 0.33333334
      outWeight: 0.33333334
    m_PreInfinity: 2
    m_PostInfinity: 2
    m_RotationOrder: 4
  spreadCustomCurve:
    serializedVersion: 2
    m_Curve:
    - serializedVersion: 3
      time: 0
      value: 0
      inSlope: 0
      outSlope: 0
      tangentMode: 0
      weightedMode: 0
      inWeight: 0.33333334
      outWeight: 0.33333334
    m_PreInfinity: 2
    m_PostInfinity: 2
    m_RotationOrder: 4
  reverbZoneMixCustomCurve:
    serializedVersion: 2
    m_Curve:
    - serializedVersion: 3
      time: 0
      value: 1
      inSlope: 0
      outSlope: 0
      tangentMode: 0
      weightedMode: 0
      inWeight: 0.33333334
      outWeight: 0.33333334
    m_PreInfinity: 2
    m_PostInfinity: 2
    m_RotationOrder: 4
--- !u!1 &4045138904817372704
GameObject:
  m_ObjectHideFlags: 0
  m_CorrespondingSourceObject: {fileID: 0}
  m_PrefabInstance: {fileID: 0}
  m_PrefabAsset: {fileID: 0}
  serializedVersion: 6
  m_Component:
  - component: {fileID: 3900077221210346488}
  - component: {fileID: 1889263611}
  - component: {fileID: 1889263609}
  - component: {fileID: 1889263610}
  - component: {fileID: 1889263612}
  m_Layer: 11
  m_Name: Inventory
  m_TagString: Untagged
  m_Icon: {fileID: 0}
  m_NavMeshLayer: 0
  m_StaticEditorFlags: 0
  m_IsActive: 1
--- !u!4 &3900077221210346488
Transform:
  m_ObjectHideFlags: 0
  m_CorrespondingSourceObject: {fileID: 0}
  m_PrefabInstance: {fileID: 0}
  m_PrefabAsset: {fileID: 0}
  m_GameObject: {fileID: 4045138904817372704}
  m_LocalRotation: {x: 0, y: 0, z: 0, w: 1}
  m_LocalPosition: {x: 0, y: 0, z: 0}
  m_LocalScale: {x: 1, y: 1, z: 1}
  m_ConstrainProportionsScale: 0
  m_Children: []
  m_Father: {fileID: 3343694482655920308}
  m_RootOrder: 3
  m_LocalEulerAnglesHint: {x: 0, y: 0, z: 0}
--- !u!54 &1889263611
Rigidbody:
  m_ObjectHideFlags: 0
  m_CorrespondingSourceObject: {fileID: 0}
  m_PrefabInstance: {fileID: 0}
  m_PrefabAsset: {fileID: 0}
  m_GameObject: {fileID: 4045138904817372704}
  serializedVersion: 2
  m_Mass: 1
  m_Drag: 0
  m_AngularDrag: 0.05
  m_UseGravity: 0
  m_IsKinematic: 0
  m_Interpolate: 0
  m_Constraints: 112
  m_CollisionDetection: 0
--- !u!65 &1889263609
BoxCollider:
  m_ObjectHideFlags: 0
  m_CorrespondingSourceObject: {fileID: 0}
  m_PrefabInstance: {fileID: 0}
  m_PrefabAsset: {fileID: 0}
  m_GameObject: {fileID: 4045138904817372704}
  m_Material: {fileID: 0}
  m_IsTrigger: 1
  m_Enabled: 1
  serializedVersion: 2
  m_Size: {x: 1, y: 1.2538233, z: 0.73378885}
  m_Center: {x: 5.179932e-10, y: -0.16741228, z: 0.04113492}
--- !u!114 &1889263610
MonoBehaviour:
  m_ObjectHideFlags: 0
  m_CorrespondingSourceObject: {fileID: 0}
  m_PrefabInstance: {fileID: 0}
  m_PrefabAsset: {fileID: 0}
  m_GameObject: {fileID: 4045138904817372704}
  m_Enabled: 1
  m_EditorHideFlags: 0
  m_Script: {fileID: 11500000, guid: 18e0dce20e7441c4990afdba3811c25b, type: 3}
  m_Name: 
  m_EditorClassIdentifier: 
  inventory: {fileID: 11400000, guid: 2bd53c6257c99f847bbbb9bfd020eadb, type: 2}
  _failClip: {fileID: 8300000, guid: 18b5a5529284c9f40ac2f1ab33568f53, type: 3}
--- !u!114 &1889263612
MonoBehaviour:
  m_ObjectHideFlags: 0
  m_CorrespondingSourceObject: {fileID: 0}
  m_PrefabInstance: {fileID: 0}
  m_PrefabAsset: {fileID: 0}
  m_GameObject: {fileID: 4045138904817372704}
  m_Enabled: 1
  m_EditorHideFlags: 0
  m_Script: {fileID: 11500000, guid: e2632dd979df987458e30ad44db08f0c, type: 3}
  m_Name: 
  m_EditorClassIdentifier: 
  Player: {fileID: 3343694482656013360}
  Weapon: {fileID: 820656049}
  WeaponHolder2: {fileID: 1661133134}
  ItemHolders:
  - {fileID: 1014159213}
--- !u!1001 &78532489
PrefabInstance:
  m_ObjectHideFlags: 0
  serializedVersion: 2
  m_Modification:
    m_TransformParent: {fileID: 3343694482655920308}
    m_Modifications:
    - target: {fileID: 3832045217790552889, guid: 63480fabd431c194aac5554d93a27e81, type: 3}
      propertyPath: m_Layer
      value: 9
      objectReference: {fileID: 0}
    - target: {fileID: 3832045218076544491, guid: 63480fabd431c194aac5554d93a27e81, type: 3}
      propertyPath: m_Layer
      value: 9
      objectReference: {fileID: 0}
    - target: {fileID: 3832045218076544493, guid: 63480fabd431c194aac5554d93a27e81, type: 3}
      propertyPath: m_LocalPosition.x
      value: 0
      objectReference: {fileID: 0}
    - target: {fileID: 3832045218076544493, guid: 63480fabd431c194aac5554d93a27e81, type: 3}
      propertyPath: m_LocalPosition.y
      value: 0
      objectReference: {fileID: 0}
    - target: {fileID: 3832045218076544493, guid: 63480fabd431c194aac5554d93a27e81, type: 3}
      propertyPath: m_LocalPosition.z
      value: 0
      objectReference: {fileID: 0}
    - target: {fileID: 3832045218076544493, guid: 63480fabd431c194aac5554d93a27e81, type: 3}
      propertyPath: m_LocalRotation.w
      value: 0.973249
      objectReference: {fileID: 0}
    - target: {fileID: 3832045218076544493, guid: 63480fabd431c194aac5554d93a27e81, type: 3}
      propertyPath: m_LocalRotation.x
      value: 0.22975291
      objectReference: {fileID: 0}
    - target: {fileID: 3832045218076544493, guid: 63480fabd431c194aac5554d93a27e81, type: 3}
      propertyPath: m_LocalRotation.y
      value: -0
      objectReference: {fileID: 0}
    - target: {fileID: 3832045218076544493, guid: 63480fabd431c194aac5554d93a27e81, type: 3}
      propertyPath: m_LocalRotation.z
      value: -0.0000000037252907
      objectReference: {fileID: 0}
    - target: {fileID: 3832045218147744704, guid: 63480fabd431c194aac5554d93a27e81, type: 3}
      propertyPath: m_Layer
      value: 9
      objectReference: {fileID: 0}
    - target: {fileID: 3832045218254170222, guid: 63480fabd431c194aac5554d93a27e81, type: 3}
      propertyPath: m_Layer
      value: 9
      objectReference: {fileID: 0}
    - target: {fileID: 3832045218321221079, guid: 63480fabd431c194aac5554d93a27e81, type: 3}
      propertyPath: m_Name
      value: PlayerCamera
      objectReference: {fileID: 0}
    - target: {fileID: 3832045218321221079, guid: 63480fabd431c194aac5554d93a27e81, type: 3}
      propertyPath: m_Layer
      value: 9
      objectReference: {fileID: 0}
    - target: {fileID: 3832045218321221079, guid: 63480fabd431c194aac5554d93a27e81, type: 3}
      propertyPath: m_IsActive
      value: 1
      objectReference: {fileID: 0}
    - target: {fileID: 3832045218321221081, guid: 63480fabd431c194aac5554d93a27e81, type: 3}
      propertyPath: m_RootOrder
      value: 4
      objectReference: {fileID: 0}
    - target: {fileID: 3832045218321221081, guid: 63480fabd431c194aac5554d93a27e81, type: 3}
      propertyPath: m_LocalPosition.x
      value: -1.7874917
      objectReference: {fileID: 0}
    - target: {fileID: 3832045218321221081, guid: 63480fabd431c194aac5554d93a27e81, type: 3}
      propertyPath: m_LocalPosition.y
      value: 2
      objectReference: {fileID: 0}
    - target: {fileID: 3832045218321221081, guid: 63480fabd431c194aac5554d93a27e81, type: 3}
      propertyPath: m_LocalPosition.z
      value: 3.5783896
      objectReference: {fileID: 0}
    - target: {fileID: 3832045218321221081, guid: 63480fabd431c194aac5554d93a27e81, type: 3}
      propertyPath: m_LocalRotation.w
      value: -0.22956759
      objectReference: {fileID: 0}
    - target: {fileID: 3832045218321221081, guid: 63480fabd431c194aac5554d93a27e81, type: 3}
      propertyPath: m_LocalRotation.x
      value: 0
      objectReference: {fileID: 0}
    - target: {fileID: 3832045218321221081, guid: 63480fabd431c194aac5554d93a27e81, type: 3}
      propertyPath: m_LocalRotation.y
      value: -0.9732927
      objectReference: {fileID: 0}
    - target: {fileID: 3832045218321221081, guid: 63480fabd431c194aac5554d93a27e81, type: 3}
      propertyPath: m_LocalRotation.z
      value: -0
      objectReference: {fileID: 0}
    - target: {fileID: 3832045218321221081, guid: 63480fabd431c194aac5554d93a27e81, type: 3}
      propertyPath: m_LocalEulerAnglesHint.x
      value: 0
      objectReference: {fileID: 0}
    - target: {fileID: 3832045218321221081, guid: 63480fabd431c194aac5554d93a27e81, type: 3}
      propertyPath: m_LocalEulerAnglesHint.y
      value: 0
      objectReference: {fileID: 0}
    - target: {fileID: 3832045218321221081, guid: 63480fabd431c194aac5554d93a27e81, type: 3}
      propertyPath: m_LocalEulerAnglesHint.z
      value: 0
      objectReference: {fileID: 0}
    - target: {fileID: 3832045218321221083, guid: 63480fabd431c194aac5554d93a27e81, type: 3}
      propertyPath: m_Follow
      value: 
      objectReference: {fileID: 3343694482655920308}
    - target: {fileID: 3832045218321221083, guid: 63480fabd431c194aac5554d93a27e81, type: 3}
      propertyPath: m_LookAt
      value: 
      objectReference: {fileID: 3343694482655920308}
    - target: {fileID: 3832045218321221085, guid: 63480fabd431c194aac5554d93a27e81, type: 3}
      propertyPath: m_CollideAgainst.m_Bits
      value: 520
      objectReference: {fileID: 0}
    - target: {fileID: 3832045218609502502, guid: 63480fabd431c194aac5554d93a27e81, type: 3}
      propertyPath: m_Layer
      value: 9
      objectReference: {fileID: 0}
    - target: {fileID: 3832045218609502504, guid: 63480fabd431c194aac5554d93a27e81, type: 3}
      propertyPath: m_LocalRotation.w
      value: 0.99508464
      objectReference: {fileID: 0}
    - target: {fileID: 3832045218609502504, guid: 63480fabd431c194aac5554d93a27e81, type: 3}
      propertyPath: m_LocalRotation.x
      value: 0.099028245
      objectReference: {fileID: 0}
    - target: {fileID: 3832045218609502504, guid: 63480fabd431c194aac5554d93a27e81, type: 3}
      propertyPath: m_LocalRotation.y
      value: -0.000000014901163
      objectReference: {fileID: 0}
    - target: {fileID: 3832045218609502504, guid: 63480fabd431c194aac5554d93a27e81, type: 3}
      propertyPath: m_LocalRotation.z
      value: 0.0000000018626454
      objectReference: {fileID: 0}
    - target: {fileID: 3832045219047323420, guid: 63480fabd431c194aac5554d93a27e81, type: 3}
      propertyPath: m_Layer
      value: 9
      objectReference: {fileID: 0}
    - target: {fileID: 3832045219405434181, guid: 63480fabd431c194aac5554d93a27e81, type: 3}
      propertyPath: m_Layer
      value: 9
      objectReference: {fileID: 0}
    - target: {fileID: 3832045219405434183, guid: 63480fabd431c194aac5554d93a27e81, type: 3}
      propertyPath: m_LocalRotation.w
      value: 0.98287594
      objectReference: {fileID: 0}
    - target: {fileID: 3832045219405434183, guid: 63480fabd431c194aac5554d93a27e81, type: 3}
      propertyPath: m_LocalRotation.x
      value: 0.18426843
      objectReference: {fileID: 0}
    - target: {fileID: 3832045219405434183, guid: 63480fabd431c194aac5554d93a27e81, type: 3}
      propertyPath: m_LocalRotation.y
      value: -0
      objectReference: {fileID: 0}
    - target: {fileID: 3832045219405434183, guid: 63480fabd431c194aac5554d93a27e81, type: 3}
      propertyPath: m_LocalRotation.z
      value: -0
      objectReference: {fileID: 0}
    m_RemovedComponents: []
  m_SourcePrefab: {fileID: 100100000, guid: 63480fabd431c194aac5554d93a27e81, type: 3}
--- !u!4 &3832045218399193680 stripped
Transform:
  m_CorrespondingSourceObject: {fileID: 3832045218321221081, guid: 63480fabd431c194aac5554d93a27e81, type: 3}
  m_PrefabInstance: {fileID: 78532489}
  m_PrefabAsset: {fileID: 0}
--- !u!1 &3832045218399193694 stripped
GameObject:
  m_CorrespondingSourceObject: {fileID: 3832045218321221079, guid: 63480fabd431c194aac5554d93a27e81, type: 3}
  m_PrefabInstance: {fileID: 78532489}
  m_PrefabAsset: {fileID: 0}
--- !u!1001 &7992972922730678677
PrefabInstance:
  m_ObjectHideFlags: 0
  serializedVersion: 2
  m_Modification:
    m_TransformParent: {fileID: 3343694482655920308}
    m_Modifications:
    - target: {fileID: -8679921383154817045, guid: b0295b98df07dae40bddecbdce09ca25, type: 3}
      propertyPath: m_RootOrder
      value: 1
      objectReference: {fileID: 0}
    - target: {fileID: -8679921383154817045, guid: b0295b98df07dae40bddecbdce09ca25, type: 3}
      propertyPath: m_LocalPosition.x
      value: 0
      objectReference: {fileID: 0}
    - target: {fileID: -8679921383154817045, guid: b0295b98df07dae40bddecbdce09ca25, type: 3}
      propertyPath: m_LocalPosition.y
      value: -0.941
      objectReference: {fileID: 0}
    - target: {fileID: -8679921383154817045, guid: b0295b98df07dae40bddecbdce09ca25, type: 3}
      propertyPath: m_LocalPosition.z
      value: 0
      objectReference: {fileID: 0}
    - target: {fileID: -8679921383154817045, guid: b0295b98df07dae40bddecbdce09ca25, type: 3}
      propertyPath: m_LocalRotation.w
      value: 1
      objectReference: {fileID: 0}
    - target: {fileID: -8679921383154817045, guid: b0295b98df07dae40bddecbdce09ca25, type: 3}
      propertyPath: m_LocalRotation.x
      value: 0
      objectReference: {fileID: 0}
    - target: {fileID: -8679921383154817045, guid: b0295b98df07dae40bddecbdce09ca25, type: 3}
      propertyPath: m_LocalRotation.y
      value: 0
      objectReference: {fileID: 0}
    - target: {fileID: -8679921383154817045, guid: b0295b98df07dae40bddecbdce09ca25, type: 3}
      propertyPath: m_LocalRotation.z
      value: 0
      objectReference: {fileID: 0}
    - target: {fileID: -8679921383154817045, guid: b0295b98df07dae40bddecbdce09ca25, type: 3}
      propertyPath: m_LocalEulerAnglesHint.x
      value: 0
      objectReference: {fileID: 0}
    - target: {fileID: -8679921383154817045, guid: b0295b98df07dae40bddecbdce09ca25, type: 3}
      propertyPath: m_LocalEulerAnglesHint.y
      value: 0
      objectReference: {fileID: 0}
    - target: {fileID: -8679921383154817045, guid: b0295b98df07dae40bddecbdce09ca25, type: 3}
      propertyPath: m_LocalEulerAnglesHint.z
      value: 0
      objectReference: {fileID: 0}
    - target: {fileID: -8373800796919943128, guid: b0295b98df07dae40bddecbdce09ca25, type: 3}
      propertyPath: m_LocalRotation.w
      value: 0.10627266
      objectReference: {fileID: 0}
    - target: {fileID: -8373800796919943128, guid: b0295b98df07dae40bddecbdce09ca25, type: 3}
      propertyPath: m_LocalRotation.x
      value: 0.03157255
      objectReference: {fileID: 0}
    - target: {fileID: -8373800796919943128, guid: b0295b98df07dae40bddecbdce09ca25, type: 3}
      propertyPath: m_LocalRotation.y
      value: -0.6330348
      objectReference: {fileID: 0}
    - target: {fileID: -8373800796919943128, guid: b0295b98df07dae40bddecbdce09ca25, type: 3}
      propertyPath: m_LocalRotation.z
      value: 0.76614374
      objectReference: {fileID: 0}
    - target: {fileID: -7677755753359770758, guid: b0295b98df07dae40bddecbdce09ca25, type: 3}
      propertyPath: m_LocalRotation.w
      value: 0.8957511
      objectReference: {fileID: 0}
    - target: {fileID: -7677755753359770758, guid: b0295b98df07dae40bddecbdce09ca25, type: 3}
      propertyPath: m_LocalRotation.x
      value: -0.0010385194
      objectReference: {fileID: 0}
    - target: {fileID: -7677755753359770758, guid: b0295b98df07dae40bddecbdce09ca25, type: 3}
      propertyPath: m_LocalRotation.y
      value: -0.014215059
      objectReference: {fileID: 0}
    - target: {fileID: -7677755753359770758, guid: b0295b98df07dae40bddecbdce09ca25, type: 3}
      propertyPath: m_LocalRotation.z
      value: 0.44432732
      objectReference: {fileID: 0}
    - target: {fileID: -7317286187265595320, guid: b0295b98df07dae40bddecbdce09ca25, type: 3}
      propertyPath: m_LocalRotation.w
      value: 0.113485076
      objectReference: {fileID: 0}
    - target: {fileID: -7317286187265595320, guid: b0295b98df07dae40bddecbdce09ca25, type: 3}
      propertyPath: m_LocalRotation.x
      value: -0.80462915
      objectReference: {fileID: 0}
    - target: {fileID: -7317286187265595320, guid: b0295b98df07dae40bddecbdce09ca25, type: 3}
      propertyPath: m_LocalRotation.y
      value: -0.5821076
      objectReference: {fileID: 0}
    - target: {fileID: -7317286187265595320, guid: b0295b98df07dae40bddecbdce09ca25, type: 3}
      propertyPath: m_LocalRotation.z
      value: 0.02905049
      objectReference: {fileID: 0}
    - target: {fileID: -7303486629075471568, guid: b0295b98df07dae40bddecbdce09ca25, type: 3}
      propertyPath: m_LocalRotation.w
      value: 0.84928495
      objectReference: {fileID: 0}
    - target: {fileID: -7303486629075471568, guid: b0295b98df07dae40bddecbdce09ca25, type: 3}
      propertyPath: m_LocalRotation.x
      value: -0.07380007
      objectReference: {fileID: 0}
    - target: {fileID: -7303486629075471568, guid: b0295b98df07dae40bddecbdce09ca25, type: 3}
      propertyPath: m_LocalRotation.y
      value: -0.14990002
      objectReference: {fileID: 0}
    - target: {fileID: -7303486629075471568, guid: b0295b98df07dae40bddecbdce09ca25, type: 3}
      propertyPath: m_LocalRotation.z
      value: 0.500798
      objectReference: {fileID: 0}
    - target: {fileID: -6805621587507388298, guid: b0295b98df07dae40bddecbdce09ca25, type: 3}
      propertyPath: m_LocalRotation.w
      value: 0.8888589
      objectReference: {fileID: 0}
    - target: {fileID: -6805621587507388298, guid: b0295b98df07dae40bddecbdce09ca25, type: 3}
      propertyPath: m_LocalRotation.x
      value: 0.0004904239
      objectReference: {fileID: 0}
    - target: {fileID: -6805621587507388298, guid: b0295b98df07dae40bddecbdce09ca25, type: 3}
      propertyPath: m_LocalRotation.y
      value: 0.45817873
      objectReference: {fileID: 0}
    - target: {fileID: -6805621587507388298, guid: b0295b98df07dae40bddecbdce09ca25, type: 3}
      propertyPath: m_LocalRotation.z
      value: 0.0014109387
      objectReference: {fileID: 0}
    - target: {fileID: -6566041968555630536, guid: b0295b98df07dae40bddecbdce09ca25, type: 3}
      propertyPath: m_LocalRotation.w
      value: 0.6691209
      objectReference: {fileID: 0}
    - target: {fileID: -6566041968555630536, guid: b0295b98df07dae40bddecbdce09ca25, type: 3}
      propertyPath: m_LocalRotation.x
      value: 0.6391933
      objectReference: {fileID: 0}
    - target: {fileID: -6566041968555630536, guid: b0295b98df07dae40bddecbdce09ca25, type: 3}
      propertyPath: m_LocalRotation.y
      value: 0.23771502
      objectReference: {fileID: 0}
    - target: {fileID: -6566041968555630536, guid: b0295b98df07dae40bddecbdce09ca25, type: 3}
      propertyPath: m_LocalRotation.z
      value: -0.29529777
      objectReference: {fileID: 0}
    - target: {fileID: -6180067739971148116, guid: b0295b98df07dae40bddecbdce09ca25, type: 3}
      propertyPath: m_LocalRotation.w
      value: 0.88133985
      objectReference: {fileID: 0}
    - target: {fileID: -6180067739971148116, guid: b0295b98df07dae40bddecbdce09ca25, type: 3}
      propertyPath: m_LocalRotation.x
      value: -0.08520391
      objectReference: {fileID: 0}
    - target: {fileID: -6180067739971148116, guid: b0295b98df07dae40bddecbdce09ca25, type: 3}
      propertyPath: m_LocalRotation.y
      value: -0.1256826
      objectReference: {fileID: 0}
    - target: {fileID: -6180067739971148116, guid: b0295b98df07dae40bddecbdce09ca25, type: 3}
      propertyPath: m_LocalRotation.z
      value: 0.44741952
      objectReference: {fileID: 0}
    - target: {fileID: -5736236911645730293, guid: b0295b98df07dae40bddecbdce09ca25, type: 3}
      propertyPath: m_LocalRotation.w
      value: 0.7071068
      objectReference: {fileID: 0}
    - target: {fileID: -5736236911645730293, guid: b0295b98df07dae40bddecbdce09ca25, type: 3}
      propertyPath: m_LocalRotation.z
      value: -0
      objectReference: {fileID: 0}
    - target: {fileID: -5651448128558670583, guid: b0295b98df07dae40bddecbdce09ca25, type: 3}
      propertyPath: m_LocalRotation.w
      value: 0.69627213
      objectReference: {fileID: 0}
    - target: {fileID: -5651448128558670583, guid: b0295b98df07dae40bddecbdce09ca25, type: 3}
      propertyPath: m_LocalRotation.x
      value: -0.6284493
      objectReference: {fileID: 0}
    - target: {fileID: -5651448128558670583, guid: b0295b98df07dae40bddecbdce09ca25, type: 3}
      propertyPath: m_LocalRotation.y
      value: -0.31616998
      objectReference: {fileID: 0}
    - target: {fileID: -5651448128558670583, guid: b0295b98df07dae40bddecbdce09ca25, type: 3}
      propertyPath: m_LocalRotation.z
      value: 0.14245372
      objectReference: {fileID: 0}
    - target: {fileID: -5217947018232705931, guid: b0295b98df07dae40bddecbdce09ca25, type: 3}
      propertyPath: m_LocalRotation.w
      value: 0.99712217
      objectReference: {fileID: 0}
    - target: {fileID: -5217947018232705931, guid: b0295b98df07dae40bddecbdce09ca25, type: 3}
      propertyPath: m_LocalRotation.x
      value: -0.0069052447
      objectReference: {fileID: 0}
    - target: {fileID: -5217947018232705931, guid: b0295b98df07dae40bddecbdce09ca25, type: 3}
      propertyPath: m_LocalRotation.y
      value: -0.0030194828
      objectReference: {fileID: 0}
    - target: {fileID: -5217947018232705931, guid: b0295b98df07dae40bddecbdce09ca25, type: 3}
      propertyPath: m_LocalRotation.z
      value: 0.07543623
      objectReference: {fileID: 0}
    - target: {fileID: -4512345424492657112, guid: b0295b98df07dae40bddecbdce09ca25, type: 3}
      propertyPath: m_LocalRotation.w
      value: -0.4612611
      objectReference: {fileID: 0}
    - target: {fileID: -4512345424492657112, guid: b0295b98df07dae40bddecbdce09ca25, type: 3}
      propertyPath: m_LocalRotation.x
      value: 0.59266686
      objectReference: {fileID: 0}
    - target: {fileID: -4512345424492657112, guid: b0295b98df07dae40bddecbdce09ca25, type: 3}
      propertyPath: m_LocalRotation.y
      value: 0.5048832
      objectReference: {fileID: 0}
    - target: {fileID: -4512345424492657112, guid: b0295b98df07dae40bddecbdce09ca25, type: 3}
      propertyPath: m_LocalRotation.z
      value: 0.42553157
      objectReference: {fileID: 0}
    - target: {fileID: -4437423421342577489, guid: b0295b98df07dae40bddecbdce09ca25, type: 3}
      propertyPath: m_Materials.Array.data[0]
      value: 
      objectReference: {fileID: 2100000, guid: 8e6c4b344ee43354cbf8d8bee4320ef3, type: 2}
    - target: {fileID: -3396647736216809337, guid: b0295b98df07dae40bddecbdce09ca25, type: 3}
      propertyPath: m_LocalRotation.w
      value: 0.98884845
      objectReference: {fileID: 0}
    - target: {fileID: -3396647736216809337, guid: b0295b98df07dae40bddecbdce09ca25, type: 3}
      propertyPath: m_LocalRotation.x
      value: 0.015218563
      objectReference: {fileID: 0}
    - target: {fileID: -3396647736216809337, guid: b0295b98df07dae40bddecbdce09ca25, type: 3}
      propertyPath: m_LocalRotation.y
      value: -0.043436985
      objectReference: {fileID: 0}
    - target: {fileID: -3396647736216809337, guid: b0295b98df07dae40bddecbdce09ca25, type: 3}
      propertyPath: m_LocalRotation.z
      value: 0.14163493
      objectReference: {fileID: 0}
    - target: {fileID: -3170014749061016412, guid: b0295b98df07dae40bddecbdce09ca25, type: 3}
      propertyPath: m_LocalRotation.w
      value: 0.9609398
      objectReference: {fileID: 0}
    - target: {fileID: -3170014749061016412, guid: b0295b98df07dae40bddecbdce09ca25, type: 3}
      propertyPath: m_LocalRotation.x
      value: -0.000000011096034
      objectReference: {fileID: 0}
    - target: {fileID: -3170014749061016412, guid: b0295b98df07dae40bddecbdce09ca25, type: 3}
      propertyPath: m_LocalRotation.y
      value: -0.00000008875783
      objectReference: {fileID: 0}
    - target: {fileID: -3170014749061016412, guid: b0295b98df07dae40bddecbdce09ca25, type: 3}
      propertyPath: m_LocalRotation.z
      value: -0.27675736
      objectReference: {fileID: 0}
    - target: {fileID: -2249932847950432261, guid: b0295b98df07dae40bddecbdce09ca25, type: 3}
      propertyPath: m_LocalRotation.w
      value: 0.9131725
      objectReference: {fileID: 0}
    - target: {fileID: -2249932847950432261, guid: b0295b98df07dae40bddecbdce09ca25, type: 3}
      propertyPath: m_LocalRotation.x
      value: -0.057304896
      objectReference: {fileID: 0}
    - target: {fileID: -2249932847950432261, guid: b0295b98df07dae40bddecbdce09ca25, type: 3}
      propertyPath: m_LocalRotation.y
      value: -0.1582935
      objectReference: {fileID: 0}
    - target: {fileID: -2249932847950432261, guid: b0295b98df07dae40bddecbdce09ca25, type: 3}
      propertyPath: m_LocalRotation.z
      value: 0.37118113
      objectReference: {fileID: 0}
    - target: {fileID: -2198888584636164399, guid: b0295b98df07dae40bddecbdce09ca25, type: 3}
      propertyPath: m_LocalPosition.x
      value: 0.0458768
      objectReference: {fileID: 0}
    - target: {fileID: -2198888584636164399, guid: b0295b98df07dae40bddecbdce09ca25, type: 3}
      propertyPath: m_LocalPosition.y
      value: -0.119656675
      objectReference: {fileID: 0}
    - target: {fileID: -2198888584636164399, guid: b0295b98df07dae40bddecbdce09ca25, type: 3}
      propertyPath: m_LocalPosition.z
      value: -0.025879208
      objectReference: {fileID: 0}
    - target: {fileID: -2198888584636164399, guid: b0295b98df07dae40bddecbdce09ca25, type: 3}
      propertyPath: m_LocalRotation.w
      value: 0.9930019
      objectReference: {fileID: 0}
    - target: {fileID: -2198888584636164399, guid: b0295b98df07dae40bddecbdce09ca25, type: 3}
      propertyPath: m_LocalRotation.x
      value: 0.027279384
      objectReference: {fileID: 0}
    - target: {fileID: -2198888584636164399, guid: b0295b98df07dae40bddecbdce09ca25, type: 3}
      propertyPath: m_LocalRotation.y
      value: 0.11285846
      objectReference: {fileID: 0}
    - target: {fileID: -2198888584636164399, guid: b0295b98df07dae40bddecbdce09ca25, type: 3}
      propertyPath: m_LocalRotation.z
      value: 0.021590188
      objectReference: {fileID: 0}
    - target: {fileID: -2117673567100817180, guid: b0295b98df07dae40bddecbdce09ca25, type: 3}
      propertyPath: m_LocalRotation.w
      value: 0.76162016
      objectReference: {fileID: 0}
    - target: {fileID: -2117673567100817180, guid: b0295b98df07dae40bddecbdce09ca25, type: 3}
      propertyPath: m_LocalRotation.x
      value: -0.00088339957
      objectReference: {fileID: 0}
    - target: {fileID: -2117673567100817180, guid: b0295b98df07dae40bddecbdce09ca25, type: 3}
      propertyPath: m_LocalRotation.y
      value: -0.019997744
      objectReference: {fileID: 0}
    - target: {fileID: -2117673567100817180, guid: b0295b98df07dae40bddecbdce09ca25, type: 3}
      propertyPath: m_LocalRotation.z
      value: 0.6477145
      objectReference: {fileID: 0}
    - target: {fileID: -2091691192130514532, guid: b0295b98df07dae40bddecbdce09ca25, type: 3}
      propertyPath: m_LocalRotation.w
      value: 0.42620113
      objectReference: {fileID: 0}
    - target: {fileID: -2091691192130514532, guid: b0295b98df07dae40bddecbdce09ca25, type: 3}
      propertyPath: m_LocalRotation.x
      value: 0.39153242
      objectReference: {fileID: 0}
    - target: {fileID: -2091691192130514532, guid: b0295b98df07dae40bddecbdce09ca25, type: 3}
      propertyPath: m_LocalRotation.y
      value: -0.5206845
      objectReference: {fileID: 0}
    - target: {fileID: -2091691192130514532, guid: b0295b98df07dae40bddecbdce09ca25, type: 3}
      propertyPath: m_LocalRotation.z
      value: 0.6276486
      objectReference: {fileID: 0}
    - target: {fileID: -1918078806094992681, guid: b0295b98df07dae40bddecbdce09ca25, type: 3}
      propertyPath: m_LocalRotation.w
      value: 0.9600905
      objectReference: {fileID: 0}
    - target: {fileID: -1918078806094992681, guid: b0295b98df07dae40bddecbdce09ca25, type: 3}
      propertyPath: m_LocalRotation.x
      value: -0.00000009429895
      objectReference: {fileID: 0}
    - target: {fileID: -1918078806094992681, guid: b0295b98df07dae40bddecbdce09ca25, type: 3}
      propertyPath: m_LocalRotation.y
      value: -0.000000025497789
      objectReference: {fileID: 0}
    - target: {fileID: -1918078806094992681, guid: b0295b98df07dae40bddecbdce09ca25, type: 3}
      propertyPath: m_LocalRotation.z
      value: -0.27968964
      objectReference: {fileID: 0}
    - target: {fileID: -1460429986516145700, guid: b0295b98df07dae40bddecbdce09ca25, type: 3}
      propertyPath: m_LocalRotation.w
      value: 0.03442681
      objectReference: {fileID: 0}
    - target: {fileID: -1460429986516145700, guid: b0295b98df07dae40bddecbdce09ca25, type: 3}
      propertyPath: m_LocalRotation.x
      value: -0.9935097
      objectReference: {fileID: 0}
    - target: {fileID: -1460429986516145700, guid: b0295b98df07dae40bddecbdce09ca25, type: 3}
      propertyPath: m_LocalRotation.y
      value: 0.10839064
      objectReference: {fileID: 0}
    - target: {fileID: -1460429986516145700, guid: b0295b98df07dae40bddecbdce09ca25, type: 3}
      propertyPath: m_LocalRotation.z
      value: -0.0021740138
      objectReference: {fileID: 0}
    - target: {fileID: -1354068361553988116, guid: b0295b98df07dae40bddecbdce09ca25, type: 3}
      propertyPath: m_LocalRotation.w
      value: 0.98123574
      objectReference: {fileID: 0}
    - target: {fileID: -1354068361553988116, guid: b0295b98df07dae40bddecbdce09ca25, type: 3}
      propertyPath: m_LocalRotation.x
      value: -0.0067958827
      objectReference: {fileID: 0}
    - target: {fileID: -1354068361553988116, guid: b0295b98df07dae40bddecbdce09ca25, type: 3}
      propertyPath: m_LocalRotation.y
      value: -0.007503665
      objectReference: {fileID: 0}
    - target: {fileID: -1354068361553988116, guid: b0295b98df07dae40bddecbdce09ca25, type: 3}
      propertyPath: m_LocalRotation.z
      value: 0.192546
      objectReference: {fileID: 0}
    - target: {fileID: -861777967106063283, guid: b0295b98df07dae40bddecbdce09ca25, type: 3}
      propertyPath: m_LocalRotation.w
      value: 0.9937182
      objectReference: {fileID: 0}
    - target: {fileID: -861777967106063283, guid: b0295b98df07dae40bddecbdce09ca25, type: 3}
      propertyPath: m_LocalRotation.x
      value: -0.10706476
      objectReference: {fileID: 0}
    - target: {fileID: -861777967106063283, guid: b0295b98df07dae40bddecbdce09ca25, type: 3}
      propertyPath: m_LocalRotation.y
      value: 0.005841972
      objectReference: {fileID: 0}
    - target: {fileID: -861777967106063283, guid: b0295b98df07dae40bddecbdce09ca25, type: 3}
      propertyPath: m_LocalRotation.z
      value: 0.03204876
      objectReference: {fileID: 0}
    - target: {fileID: -288904990496555883, guid: b0295b98df07dae40bddecbdce09ca25, type: 3}
      propertyPath: m_LocalRotation.w
      value: 0.48462
      objectReference: {fileID: 0}
    - target: {fileID: -288904990496555883, guid: b0295b98df07dae40bddecbdce09ca25, type: 3}
      propertyPath: m_LocalRotation.x
      value: 0.4870361
      objectReference: {fileID: 0}
    - target: {fileID: -288904990496555883, guid: b0295b98df07dae40bddecbdce09ca25, type: 3}
      propertyPath: m_LocalRotation.y
      value: -0.53071713
      objectReference: {fileID: 0}
    - target: {fileID: -288904990496555883, guid: b0295b98df07dae40bddecbdce09ca25, type: 3}
      propertyPath: m_LocalRotation.z
      value: 0.49626473
      objectReference: {fileID: 0}
    - target: {fileID: 784870974352567244, guid: b0295b98df07dae40bddecbdce09ca25, type: 3}
      propertyPath: m_LocalRotation.w
      value: 0.99158645
      objectReference: {fileID: 0}
    - target: {fileID: 784870974352567244, guid: b0295b98df07dae40bddecbdce09ca25, type: 3}
      propertyPath: m_LocalRotation.x
      value: 0.020311968
      objectReference: {fileID: 0}
    - target: {fileID: 784870974352567244, guid: b0295b98df07dae40bddecbdce09ca25, type: 3}
      propertyPath: m_LocalRotation.y
      value: -0.024116294
      objectReference: {fileID: 0}
    - target: {fileID: 784870974352567244, guid: b0295b98df07dae40bddecbdce09ca25, type: 3}
      propertyPath: m_LocalRotation.z
      value: 0.12554725
      objectReference: {fileID: 0}
    - target: {fileID: 919132149155446097, guid: b0295b98df07dae40bddecbdce09ca25, type: 3}
      propertyPath: m_Name
      value: SK_Zombie_Businessman_Male_01
      objectReference: {fileID: 0}
    - target: {fileID: 1566753810936424407, guid: b0295b98df07dae40bddecbdce09ca25, type: 3}
      propertyPath: m_LocalRotation.w
      value: 0.902174
      objectReference: {fileID: 0}
    - target: {fileID: 1566753810936424407, guid: b0295b98df07dae40bddecbdce09ca25, type: 3}
      propertyPath: m_LocalRotation.x
      value: 0.00056999765
      objectReference: {fileID: 0}
    - target: {fileID: 1566753810936424407, guid: b0295b98df07dae40bddecbdce09ca25, type: 3}
      propertyPath: m_LocalRotation.y
      value: 0.43136948
      objectReference: {fileID: 0}
    - target: {fileID: 1566753810936424407, guid: b0295b98df07dae40bddecbdce09ca25, type: 3}
      propertyPath: m_LocalRotation.z
      value: 0.001466411
      objectReference: {fileID: 0}
    - target: {fileID: 1735534155479243594, guid: b0295b98df07dae40bddecbdce09ca25, type: 3}
      propertyPath: m_LocalRotation.w
      value: 0.7071068
      objectReference: {fileID: 0}
    - target: {fileID: 1735534155479243594, guid: b0295b98df07dae40bddecbdce09ca25, type: 3}
      propertyPath: m_LocalRotation.z
      value: -0
      objectReference: {fileID: 0}
    - target: {fileID: 1795928612895516302, guid: b0295b98df07dae40bddecbdce09ca25, type: 3}
      propertyPath: m_LocalRotation.w
      value: 0.9522215
      objectReference: {fileID: 0}
    - target: {fileID: 1795928612895516302, guid: b0295b98df07dae40bddecbdce09ca25, type: 3}
      propertyPath: m_LocalRotation.x
      value: -0.03488604
      objectReference: {fileID: 0}
    - target: {fileID: 1795928612895516302, guid: b0295b98df07dae40bddecbdce09ca25, type: 3}
      propertyPath: m_LocalRotation.y
      value: 0.007779014
      objectReference: {fileID: 0}
    - target: {fileID: 1795928612895516302, guid: b0295b98df07dae40bddecbdce09ca25, type: 3}
      propertyPath: m_LocalRotation.z
      value: 0.30330953
      objectReference: {fileID: 0}
    - target: {fileID: 2112097355892158109, guid: b0295b98df07dae40bddecbdce09ca25, type: 3}
      propertyPath: m_LocalRotation.w
      value: 0.82844234
      objectReference: {fileID: 0}
    - target: {fileID: 2112097355892158109, guid: b0295b98df07dae40bddecbdce09ca25, type: 3}
      propertyPath: m_LocalRotation.x
      value: -0.4979475
      objectReference: {fileID: 0}
    - target: {fileID: 2112097355892158109, guid: b0295b98df07dae40bddecbdce09ca25, type: 3}
      propertyPath: m_LocalRotation.y
      value: 0.2551554
      objectReference: {fileID: 0}
    - target: {fileID: 2112097355892158109, guid: b0295b98df07dae40bddecbdce09ca25, type: 3}
      propertyPath: m_LocalRotation.z
      value: -0.025046289
      objectReference: {fileID: 0}
    - target: {fileID: 2542312627942064140, guid: b0295b98df07dae40bddecbdce09ca25, type: 3}
      propertyPath: m_LocalRotation.w
      value: 0.9484461
      objectReference: {fileID: 0}
    - target: {fileID: 2542312627942064140, guid: b0295b98df07dae40bddecbdce09ca25, type: 3}
      propertyPath: m_LocalRotation.x
      value: -0.028890371
      objectReference: {fileID: 0}
    - target: {fileID: 2542312627942064140, guid: b0295b98df07dae40bddecbdce09ca25, type: 3}
      propertyPath: m_LocalRotation.y
      value: -0.008040044
      objectReference: {fileID: 0}
    - target: {fileID: 2542312627942064140, guid: b0295b98df07dae40bddecbdce09ca25, type: 3}
      propertyPath: m_LocalRotation.z
      value: 0.31551656
      objectReference: {fileID: 0}
    - target: {fileID: 3119886798139598648, guid: b0295b98df07dae40bddecbdce09ca25, type: 3}
      propertyPath: m_LocalRotation.w
      value: 0.03433439
      objectReference: {fileID: 0}
    - target: {fileID: 3119886798139598648, guid: b0295b98df07dae40bddecbdce09ca25, type: 3}
      propertyPath: m_LocalRotation.x
      value: -0.99432415
      objectReference: {fileID: 0}
    - target: {fileID: 3119886798139598648, guid: b0295b98df07dae40bddecbdce09ca25, type: 3}
      propertyPath: m_LocalRotation.y
      value: 0.10067504
      objectReference: {fileID: 0}
    - target: {fileID: 3119886798139598648, guid: b0295b98df07dae40bddecbdce09ca25, type: 3}
      propertyPath: m_LocalRotation.z
      value: 0.0022839187
      objectReference: {fileID: 0}
    - target: {fileID: 3956851797830041770, guid: b0295b98df07dae40bddecbdce09ca25, type: 3}
      propertyPath: m_LocalRotation.w
      value: 0.99459815
      objectReference: {fileID: 0}
    - target: {fileID: 3956851797830041770, guid: b0295b98df07dae40bddecbdce09ca25, type: 3}
      propertyPath: m_LocalRotation.x
      value: -0.017629908
      objectReference: {fileID: 0}
    - target: {fileID: 3956851797830041770, guid: b0295b98df07dae40bddecbdce09ca25, type: 3}
      propertyPath: m_LocalRotation.y
      value: -0.0034156092
      objectReference: {fileID: 0}
    - target: {fileID: 3956851797830041770, guid: b0295b98df07dae40bddecbdce09ca25, type: 3}
      propertyPath: m_LocalRotation.z
      value: 0.10223557
      objectReference: {fileID: 0}
    - target: {fileID: 4158348526820971960, guid: b0295b98df07dae40bddecbdce09ca25, type: 3}
      propertyPath: m_LocalRotation.w
      value: 0.68773055
      objectReference: {fileID: 0}
    - target: {fileID: 4158348526820971960, guid: b0295b98df07dae40bddecbdce09ca25, type: 3}
      propertyPath: m_LocalRotation.x
      value: 0.4607685
      objectReference: {fileID: 0}
    - target: {fileID: 4158348526820971960, guid: b0295b98df07dae40bddecbdce09ca25, type: 3}
      propertyPath: m_LocalRotation.y
      value: 0.48181382
      objectReference: {fileID: 0}
    - target: {fileID: 4158348526820971960, guid: b0295b98df07dae40bddecbdce09ca25, type: 3}
      propertyPath: m_LocalRotation.z
      value: 0.28735805
      objectReference: {fileID: 0}
    - target: {fileID: 4350815447590333385, guid: b0295b98df07dae40bddecbdce09ca25, type: 3}
      propertyPath: m_LocalRotation.w
      value: 0.9523207
      objectReference: {fileID: 0}
    - target: {fileID: 4350815447590333385, guid: b0295b98df07dae40bddecbdce09ca25, type: 3}
      propertyPath: m_LocalRotation.x
      value: 0.00251265
      objectReference: {fileID: 0}
    - target: {fileID: 4350815447590333385, guid: b0295b98df07dae40bddecbdce09ca25, type: 3}
      propertyPath: m_LocalRotation.y
      value: -0.005585124
      objectReference: {fileID: 0}
    - target: {fileID: 4350815447590333385, guid: b0295b98df07dae40bddecbdce09ca25, type: 3}
      propertyPath: m_LocalRotation.z
      value: 0.30503735
      objectReference: {fileID: 0}
    - target: {fileID: 5254296077592297193, guid: b0295b98df07dae40bddecbdce09ca25, type: 3}
      propertyPath: m_LocalRotation.w
      value: 0.97249097
      objectReference: {fileID: 0}
    - target: {fileID: 5254296077592297193, guid: b0295b98df07dae40bddecbdce09ca25, type: 3}
      propertyPath: m_LocalRotation.x
      value: -0.035562593
      objectReference: {fileID: 0}
    - target: {fileID: 5254296077592297193, guid: b0295b98df07dae40bddecbdce09ca25, type: 3}
      propertyPath: m_LocalRotation.y
      value: -0.11131765
      objectReference: {fileID: 0}
    - target: {fileID: 5254296077592297193, guid: b0295b98df07dae40bddecbdce09ca25, type: 3}
      propertyPath: m_LocalRotation.z
      value: 0.20150706
      objectReference: {fileID: 0}
    - target: {fileID: 6030284189850272460, guid: b0295b98df07dae40bddecbdce09ca25, type: 3}
      propertyPath: m_LocalRotation.w
      value: 0.7071068
      objectReference: {fileID: 0}
    - target: {fileID: 6030284189850272460, guid: b0295b98df07dae40bddecbdce09ca25, type: 3}
      propertyPath: m_LocalRotation.y
      value: -0
      objectReference: {fileID: 0}
    - target: {fileID: 6030284189850272460, guid: b0295b98df07dae40bddecbdce09ca25, type: 3}
      propertyPath: m_LocalRotation.z
      value: -0
      objectReference: {fileID: 0}
    - target: {fileID: 6420154756211086728, guid: b0295b98df07dae40bddecbdce09ca25, type: 3}
      propertyPath: m_LocalRotation.w
      value: 0.97851545
      objectReference: {fileID: 0}
    - target: {fileID: 6420154756211086728, guid: b0295b98df07dae40bddecbdce09ca25, type: 3}
      propertyPath: m_LocalRotation.x
      value: -0.03564796
      objectReference: {fileID: 0}
    - target: {fileID: 6420154756211086728, guid: b0295b98df07dae40bddecbdce09ca25, type: 3}
      propertyPath: m_LocalRotation.y
      value: -0.18812776
      objectReference: {fileID: 0}
    - target: {fileID: 6420154756211086728, guid: b0295b98df07dae40bddecbdce09ca25, type: 3}
      propertyPath: m_LocalRotation.z
      value: 0.07645075
      objectReference: {fileID: 0}
    - target: {fileID: 6538257478312197223, guid: b0295b98df07dae40bddecbdce09ca25, type: 3}
      propertyPath: m_LocalRotation.w
      value: 0.97657865
      objectReference: {fileID: 0}
    - target: {fileID: 6538257478312197223, guid: b0295b98df07dae40bddecbdce09ca25, type: 3}
      propertyPath: m_LocalRotation.x
      value: 0.0047458755
      objectReference: {fileID: 0}
    - target: {fileID: 6538257478312197223, guid: b0295b98df07dae40bddecbdce09ca25, type: 3}
      propertyPath: m_LocalRotation.y
      value: 0.19748133
      objectReference: {fileID: 0}
    - target: {fileID: 6538257478312197223, guid: b0295b98df07dae40bddecbdce09ca25, type: 3}
      propertyPath: m_LocalRotation.z
      value: -0.08528035
      objectReference: {fileID: 0}
    - target: {fileID: 6883968361000886537, guid: b0295b98df07dae40bddecbdce09ca25, type: 3}
      propertyPath: m_LocalRotation.w
      value: 0.15485357
      objectReference: {fileID: 0}
    - target: {fileID: 6883968361000886537, guid: b0295b98df07dae40bddecbdce09ca25, type: 3}
      propertyPath: m_LocalRotation.x
      value: -0.6597762
      objectReference: {fileID: 0}
    - target: {fileID: 6883968361000886537, guid: b0295b98df07dae40bddecbdce09ca25, type: 3}
      propertyPath: m_LocalRotation.y
      value: -0.7323784
      objectReference: {fileID: 0}
    - target: {fileID: 6883968361000886537, guid: b0295b98df07dae40bddecbdce09ca25, type: 3}
      propertyPath: m_LocalRotation.z
      value: 0.06586082
      objectReference: {fileID: 0}
    - target: {fileID: 7248834960496913879, guid: b0295b98df07dae40bddecbdce09ca25, type: 3}
      propertyPath: m_LocalRotation.w
      value: 0.95897925
      objectReference: {fileID: 0}
    - target: {fileID: 7248834960496913879, guid: b0295b98df07dae40bddecbdce09ca25, type: 3}
      propertyPath: m_LocalRotation.x
      value: -0.017527914
      objectReference: {fileID: 0}
    - target: {fileID: 7248834960496913879, guid: b0295b98df07dae40bddecbdce09ca25, type: 3}
      propertyPath: m_LocalRotation.y
      value: -0.009286364
      objectReference: {fileID: 0}
    - target: {fileID: 7248834960496913879, guid: b0295b98df07dae40bddecbdce09ca25, type: 3}
      propertyPath: m_LocalRotation.z
      value: 0.28278148
      objectReference: {fileID: 0}
    - target: {fileID: 7550681490840365627, guid: b0295b98df07dae40bddecbdce09ca25, type: 3}
      propertyPath: m_LocalRotation.w
      value: -0.01669431
      objectReference: {fileID: 0}
    - target: {fileID: 7550681490840365627, guid: b0295b98df07dae40bddecbdce09ca25, type: 3}
      propertyPath: m_LocalRotation.x
      value: 0.9889884
      objectReference: {fileID: 0}
    - target: {fileID: 7550681490840365627, guid: b0295b98df07dae40bddecbdce09ca25, type: 3}
      propertyPath: m_LocalRotation.y
      value: -0.14696993
      objectReference: {fileID: 0}
    - target: {fileID: 7550681490840365627, guid: b0295b98df07dae40bddecbdce09ca25, type: 3}
      propertyPath: m_LocalRotation.z
      value: -0.0048150797
      objectReference: {fileID: 0}
    - target: {fileID: 7770474688700606579, guid: b0295b98df07dae40bddecbdce09ca25, type: 3}
      propertyPath: m_LocalRotation.w
      value: 0.87231195
      objectReference: {fileID: 0}
    - target: {fileID: 7770474688700606579, guid: b0295b98df07dae40bddecbdce09ca25, type: 3}
      propertyPath: m_LocalRotation.x
      value: 0.0023014077
      objectReference: {fileID: 0}
    - target: {fileID: 7770474688700606579, guid: b0295b98df07dae40bddecbdce09ca25, type: 3}
      propertyPath: m_LocalRotation.y
      value: -0.008404526
      objectReference: {fileID: 0}
    - target: {fileID: 7770474688700606579, guid: b0295b98df07dae40bddecbdce09ca25, type: 3}
      propertyPath: m_LocalRotation.z
      value: 0.48887205
      objectReference: {fileID: 0}
    - target: {fileID: 8325517911461594592, guid: b0295b98df07dae40bddecbdce09ca25, type: 3}
      propertyPath: m_LocalRotation.w
      value: 0.5360531
      objectReference: {fileID: 0}
    - target: {fileID: 8325517911461594592, guid: b0295b98df07dae40bddecbdce09ca25, type: 3}
      propertyPath: m_LocalRotation.x
      value: 0.4611367
      objectReference: {fileID: 0}
    - target: {fileID: 8896933499244375013, guid: b0295b98df07dae40bddecbdce09ca25, type: 3}
      propertyPath: m_LocalRotation.w
      value: 0.7164165
      objectReference: {fileID: 0}
    - target: {fileID: 8896933499244375013, guid: b0295b98df07dae40bddecbdce09ca25, type: 3}
      propertyPath: m_LocalRotation.x
      value: 0.5111477
      objectReference: {fileID: 0}
    - target: {fileID: 8896933499244375013, guid: b0295b98df07dae40bddecbdce09ca25, type: 3}
      propertyPath: m_LocalRotation.y
      value: 0.35751888
      objectReference: {fileID: 0}
    - target: {fileID: 8896933499244375013, guid: b0295b98df07dae40bddecbdce09ca25, type: 3}
      propertyPath: m_LocalRotation.z
      value: -0.31249925
      objectReference: {fileID: 0}
    m_RemovedComponents:
    - {fileID: 5866666021909216657, guid: b0295b98df07dae40bddecbdce09ca25, type: 3}
  m_SourcePrefab: {fileID: 100100000, guid: b0295b98df07dae40bddecbdce09ca25, type: 3}
--- !u!4 &384842454799343689 stripped
Transform:
  m_CorrespondingSourceObject: {fileID: -1460429986516145700, guid: b0295b98df07dae40bddecbdce09ca25, type: 3}
  m_PrefabInstance: {fileID: 7992972922730678677}
  m_PrefabAsset: {fileID: 0}
--- !u!4 &3769565730207135218 stripped
Transform:
  m_CorrespondingSourceObject: {fileID: 6538257478312197223, guid: b0295b98df07dae40bddecbdce09ca25, type: 3}
  m_PrefabInstance: {fileID: 7992972922730678677}
  m_PrefabAsset: {fileID: 0}
--- !u!4 &5017201321794023085 stripped
Transform:
  m_CorrespondingSourceObject: {fileID: 3119886798139598648, guid: b0295b98df07dae40bddecbdce09ca25, type: 3}
  m_PrefabInstance: {fileID: 7992972922730678677}
  m_PrefabAsset: {fileID: 0}
--- !u!4 &7594766597031521918 stripped
Transform:
  m_CorrespondingSourceObject: {fileID: -8679921383154817045, guid: b0295b98df07dae40bddecbdce09ca25, type: 3}
  m_PrefabInstance: {fileID: 7992972922730678677}
  m_PrefabAsset: {fileID: 0}
